 Dungeon Crawl Stone Soup version 0.18-a0-1160-geb89fc2 (webtiles) character file.

14375 4thArraOfDagon the Grappler (level 11, -3/102 HPs)
             Began as a Black Draconian Chaos Knight on Jan 24, 2016.
             Incinerated by a mottled dragon (5 damage)
             ... with a sticky flame
             ... on level 2 of the Orcish Mines.
             The game lasted 00:40:56 (7377 turns).

4thArraOfDagon the Grappler (DrCK)                  Turns: 7377, Time: 00:40:57

Health: -3/102     AC: 10    Str: 16    XL:     11   Next: 87%
Magic:  11/11      EV: 22    Int: 15    God:    Xom [*.....]
Gold:   1259       SH:  0    Dex: 15    Spells: 0 memorised, 10 levels left

rFire  . . .     SeeInvis +       - Unarmed
rCold  . . .     Gourm    .     (armour unavailable)
rNeg   . . .     Faith    +     (no shield)
rPois  +         Spirit   .     (helmet restricted)
rElec  +         Dismiss  .     F - +2 cloak
rCorr  .         Reflect  .     (no gloves)
SustAt .         Harm     .     (no boots)
MR     +....     Clarity  +     c - amulet of faith
Stlth  +.........               y - +4 ring of evasion
                                G - +5 ring of dexterity

@: liquid flames, glowing, somewhat resistant to hostile enchantments, very
unstealthy
A: breathe lightning, unfitting armour, stinger 1, see invisible, clarity,
deterioration 1, magic resistance 1, mutation resistance 1, poison resistance,
electricity resistance, cold-blooded, AC +7
a: Breathe Lightning, Renounce Religion


You were on level 2 of the Orcish Mines.
You worshipped Xom.
You were a special plaything of Xom.
You were hungry.

You visited 3 branches of the dungeon, and saw 17 of its levels.
You also visited: Ossuary and Bailey.

You collected 1259 gold pieces.

Inventory:

Hand Weapons
 K - a +0 blowgun
Missiles
 p - a silver tomahawk (quivered)
 E - 4 poisoned javelins
 L - 16 poisoned needles
 M - a throwing net
Armour
 F - a +2 cloak (worn)
Magical Staves
 t - an uncursed staff of earth {unknown}
 z - an uncursed staff of wizardry {unknown}
Jewellery
 c - an amulet of faith (around neck)
 k - a +2 ring of evasion
 q - an uncursed ring of flight
 y - a +4 ring of evasion (right hand)
 G - a +5 ring of dexterity (left hand)
 H - an uncursed ring of poison resistance
Wands
 w - a wand of digging (5/24)
Scrolls
 d - a scroll of magic mapping
 g - 6 scrolls of remove curse
 j - 2 scrolls of fog
 m - 3 scrolls of amnesia
 r - 3 scrolls of recharging
 s - a scroll of teleportation
 C - a scroll of immolation {unknown}
 D - 3 scrolls of fear
 I - 2 scrolls of random uselessness {unknown}
Potions
 e - 2 potions of cancellation
 f - 2 potions of resistance
 h - 4 potions of flight
 i - a potion of haste
 u - a potion of brilliance
 v - a potion of curing
 x - a potion of cure mutation
 A - a potion of magic
 B - a potion of lignification
Books
 N - a book of Enchantments

   Spells                             Type                      Level
   a - Cause Fear                     Hexes                        4
   b - Yara's Violent Unravelling     Hexes/Transmutation          5
   c - Silence                        Hexes/Air                    5
   d - Deflect Missiles               Charms/Air                   6
   e - Haste                          Charms                       6
   f - Discord                        Hexes                        8
Comestibles
 a - 3 bread rations
 b - 4 meat rations
 l - 3 beef jerkies
 n - 3 chunks of flesh
 J - 3 fruits


   Skills:
 + Level 11.2 Fighting
 + Level 9.1 Dodging
 * Level 13.5 Unarmed Combat


You had 10 spell levels left.
You didn't know any spells.

Dungeon Overview and Level Annotations

Branches:
Dungeon (14/15)            Temple (1/1) D:6             Orc (2/2) D:10
   Lair: D:8-11         Elf: Orc:2       Vaults: D:13-14

Altars:
Ashenzari
Dithmenos
Gozag
Kikubaaqudgha
Trog
Vehumet
Xom
Yredelemnul

Shops:
D:5 %   D:14 (

Annotations:
D:8 Erolcha, Joseph
Orc:2 Snorg


Innate Abilities, Weirdness & Mutations

You can breathe wild blasts of lightning.
Your glossy black scales are hard (AC +7).
Your body does not fit into most forms of armour.
You are resistant to electric shocks.
You are cold-blooded and may be slowed by cold attacks.
Your tail ends in a poisonous barb.
You have supernaturally acute eyesight.
You possess an exceptional clarity of mind.
Your body sometimes deteriorates upon taking damage.
You are resistant to hostile enchantments.
You are somewhat resistant to further mutation.
Your system is resistant to poisons.


Message History

The orc warrior evaporates and reforms as a mottled dragon!
The mottled dragon breathes sticky fire at you.
The sticky flame misses you.
The stone giant throws a large rock.
The large rock closely misses you.
The stone giant throws a large rock.
The large rock hits you!!
The mottled dragon breathes sticky fire at you.
The sticky flame hits you!
You are covered in liquid flames!
There is a stone staircase leading down, spattered with blood here.
You see here 2 large rocks.
You are covered in liquid flames!
The stone giant throws a large rock.
The large rock hits you!!!
* * * LOW HITPOINT WARNING * * *
Xom roars with laughter!
You climb downwards.
Level annotation: Snorg An orc, 2 orc priests and 2 orc sorcerers come into view.
You are covered in liquid flames!
You die...
Xom bursts into laughter!

###... ...
......# ...
#......## ....
#....<..##.....
#.......#.....
#.$.....o..o.
#.........#
#..@.....#
#o...o..##
##......#
.......#
....#...#
.o...##....
.....## .....
.....# #....


You could see 2 orc sorcerers, 2 orc priests and an orc (wandering).

Vanquished Creatures
  A hydra (D:12)
  A centaur warrior (D:14)
  An orc high priest (Orc:2)
  An unseen horror (D:11)
  A wizard (D:13)
  A deep elf mage (D:12)
  An orc knight (Orc:2)
  2 hill giants (D:12)
  A hornet (D:13)
  An ugly thing (D:11)
  An orc sorcerer (Orc:1)
  A centaur zombie (D:13)
  A blink frog (D:12)
  A centaur skeleton (D:12)
  3 trolls
  A slime creature (D:12)
  2 yaks
  A wyvern (D:12)
  2 vampire mosquitoes (D:12)
  A steam dragon (D:12)
  A soldier ant (D:12)
  2 wargs
  2 water moccasins
  11 orc warriors
  A black bear (D:12)
  2 ice beasts
  A sky beast (D:13)
  A necrophage (D:12)
  12 ogres
  3 centaurs
  2 big kobolds (D:12)
  3 giant frogs
  2 water moccasin zombies (Ossuary)
  12 killer bees
  2 scorpions
  5 crimson imps
  11 orc priests
  6 hounds
  2 iguanas
  8 orc wizards
  3 worker ants
  2 big kobold zombies (Ossuary)
  2 hound skeletons
  2 mummies (Ossuary)
  3 adders
  2 shadow imps
  An ooze (D:1)
  5 adder zombies (Ossuary)
  A worm (D:3)
  An adder skeleton (D:8)
  A giant gecko (D:2)
  40 orcs
  2 giant cockroaches
  3 gnoll zombies (Ossuary)
  6 goblins
  2 hobgoblins
  8 jackals
  12 kobolds
  A ball python (D:6)
  2 bats
  A giant gecko zombie (D:6)
  A giant newt (D:6)
  5 hobgoblin zombies (Ossuary)
  6 kobold zombies (Ossuary)
  6 orc zombies (Ossuary)
  7 rats
239 creatures vanquished.

Vanquished Creatures (collateral kills)
  A hill giant (D:12)
  2 yaks (D:12)
  A vampire mosquito (D:12)
  Edmund (D:6)
  A soldier ant (D:12)
  A phantom (D:12)
  Blork the orc (D:5)
  A crimson imp (D:5)
  A hound (D:6)
  An orc priest (D:9)
  An orc wizard (D:5)
  A shadow imp (D:5)
  3 orcs
  A kobold (D:12)
17 creatures vanquished.

Vanquished Creatures (others)
  A yak (D:12)
  3 killer bees (D:10)
  A crimson imp (D:6)
  2 orcs
  A kobold (D:12)
  A hobgoblin zombie (Ossuary)
9 creatures vanquished.

Grand Total: 265 creatures vanquished

Notes
Turn   | Place    | Note
--------------------------------------------------------------
     0 | D:1      | 4thArraOfDagon the Draconian Chaos Knight began the quest for the Orb.
     0 | D:1      | Reached XP level 1. HP: 19/19 MP: 1/1
     4 | D:1      | XOM: silly message
    52 | D:1      | Reached XP level 2. HP: 26/26 MP: 2/2
    78 | D:2      | Found an ancient bone altar of Kikubaaqudgha.
   113 | D:2      | Found a faded altar to an unknown god.
   520 | D:3      | XOM: stat loss: -1 Str (13/14)
   523 | D:3      | Reached XP level 3. HP: 30/33 MP: 3/3
   618 | D:3      | XOM: summons 1 hostile demon
   657 | D:3      | XOM: give mutations
   657 | D:3      | Gained mutation: Your body sometimes deteriorates upon taking damage. [Xom's mischief]
   657 | D:3      | Gained mutation: Your body often deteriorates upon taking damage. [Xom's mischief]
   657 | D:3      | Gained mutation: You occasionally shout uncontrollably at your foes. [Xom's mischief]
   661 | D:3      | XOM: repel stairs
   735 | D:3      | XOM: polymorph goblin -> jackal
   837 | D:4      | XOM: smoke on damage
   855 | D:4      | Reached skill level 4 in Fighting
   917 | D:4      | XOM: god gift: lumpy pink potion
  1004 | D:5      | XOM: noise
  1004 | D:5      | Entered Level 5 of the Dungeon
  1020 | D:5      | Reached XP level 4. HP: 29/40 MP: 4/4
  1113 | D:5      | Noticed Blork the orc
  1117 | D:5      | Killed Blork the orc
  1128 | D:5      | XOM: divination: detect items
  1152 | D:5      | Found Ekkixet's Food Shoppe.
  1237 | D:5      | Reached XP level 5. HP: 45/47 MP: 5/5
  1298 | D:5      | Found a bloodstained altar of Trog.
  1317 | D:5      | Found a basalt altar of Yredelemnul.
  1338 | D:5      | XOM: confuse monster(s)
  1359 | D:5      | XOM: silly message
  1360 | D:5      | XOM: noise
  1370 | D:5      | XOM: 1-stop teleportation journey
  1457 | D:5      | XOM: medium Necr miscast
  1458 | D:5      | XOM: medium Fire miscast
  1470 | D:5      | XOM: enchant monster (good)
  1672 | D:5      | Reached skill level 5 in Unarmed Combat
  1698 | D:6      | Found a staircase to the Ecumenical Temple.
  1707 | D:6      | Noticed an ogre
  1723 | D:6      | XOM: swap monsters
  1732 | D:6      | XOM: cast spell 'Discord'
  1753 | D:6      | Killed an ogre
  1753 | D:6      | Reached XP level 6. HP: 55/55 MP: 6/6
  1757 | D:6      | XOM: enchant monster (good)
  1812 | D:7      | Gained mutation: Your tail ends in a poisonous barb. [potion of mutation]
  1812 | D:7      | Gained mutation: You are somewhat resistant to further mutation. [potion of mutation]
  1827 | D:7      | XOM: enchant monster (good)
  1876 | D:6      | XOM: mild Chrm miscast
  1909 | D:7      | XOM: give mutations
  1909 | D:7      | Lost mutation: You occasionally shout uncontrollably at your foes. [Xom's mischief]
  1909 | D:7      | Gained mutation: You are dopey. (Int -2) [Xom's mischief]
  1911 | D:7      | Noticed a human
  1932 | D:6      | Reached skill level 5 in Fighting
  2032 | D:7      | XOM: medium Air miscast
  2034 | D:7      | Found a flagged portal.
  2037 | D:7      | Found a shimmering altar of Xom.
  2037 | D:7      | XOM: summons 1 hostile demon
  2043 | Bailey   | Entered a bailey
  2043 | Bailey   | Noticed Noname's ghost (novice NaIE)
  2043 | Bailey   | XOM: fog
  2045 | Bailey   | Noticed an orc warrior
  2046 | Bailey   | Noticed an orc warrior
  2055 | D:7      | XOM: mild Trmt miscast
  2099 | Temple   | XOM: stealth player
  2099 | Temple   | Entered the Ecumenical Temple
  2202 | D:6      | XOM: 9-stop teleportation journey
  2253 | D:6      | XOM: medium Ice miscast
  2283 | D:6      | Noticed Edmund
  2304 | D:6      | XOM: confusion
  2306 | D:6      | XOM: confusion
  2312 | D:6      | XOM: confusion
  2314 | D:6      | XOM: divination: magic mapping
  2334 | D:6      | XOM: noise
  2335 | D:6      | XOM: enchant monster (good)
  2350 | D:6      | XOM: swap monsters
  2523 | D:7      | XOM: silly message
  2533 | D:7      | XOM: enchant monster (good)
  2534 | D:7      | XOM: confuse monster(s)
  2555 | D:7      | XOM: 7-stop teleportation journey
  2597 | D:7      | XOM: severe Trmt miscast
  2687 | D:7      | Noticed a yak
  2732 | D:6      | XOM: noise
  2735 | D:6      | XOM: repel stairs
  2739 | D:6      | XOM: mild Summ miscast
  2771 | D:6      | XOM: confusion
  2784 | D:6      | XOM: summons friendly crimson imp
  2788 | D:6      | XOM: swap monsters
  2805 | D:6      | XOM: harmless Ice miscast
  2824 | D:6      | Killed Edmund
  2824 | D:6      | Reached skill level 6 in Unarmed Combat
  2824 | D:6      | Reached XP level 7. HP: 45/61 MP: 7/7
  2824 | D:6      | Your scales start taking on a glossy black colour.
  2824 | D:6      | Gained mutation: You are resistant to electric shocks. [Black Draconian growth]
  2828 | D:6      | XOM: summons 3 friendly demons
  2977 | D:8      | Found a sand-covered staircase.
  2988 | Ossuary  | Entered an ossuary
  2996 | Ossuary  | XOM: mild Erth miscast
  3007 | Ossuary  | XOM: silly message
  3010 | Ossuary  | XOM: confuse monster(s)
  3012 | Ossuary  | XOM: mild Ice miscast
  3166 | Ossuary  | Reached skill level 7 in Unarmed Combat
  3337 | Ossuary  | XOM: divination: detect items
  3450 | Ossuary  | XOM: mild Trmt miscast
  3542 | Ossuary  | XOM: 1-stop teleportation journey
  3614 | D:8      | Noticed Joseph
  3628 | D:8      | XOM: scenery: create altars
  3644 | D:7      | XOM: smoke on damage
  3649 | D:7      | Reached XP level 8. HP: 58/70 MP: 8/8
  3660 | D:7      | XOM: give mutations
  3660 | D:7      | Lost mutation: You are dopey. (Int -2) [Xom's mischief]
  3660 | D:7      | Lost mutation: Your body often deteriorates upon taking damage. [Xom's mischief]
  3660 | D:7      | Gained mutation: Scrolls take you a little longer to read. [Xom's mischief]
  3806 | D:7      | XOM: 9-stop teleportation journey
  3882 | D:8      | XOM: mild Pois miscast
  3927 | D:8      | Noticed Erolcha
  3983 | D:9      | XOM: medium Divn miscast
  4028 | D:9      | XOM: summons friendly ufetubus
  4058 | D:9      | XOM: 1-stop teleportation journey
  4071 | D:9      | XOM: confuse monster(s)
  4075 | D:10     | Entered Level 10 of the Dungeon
  4078 | D:10     | Found a staircase to the Orcish Mines.
  4079 | D:10     | XOM: summons 3 friendly demons
  4083 | D:10     | XOM: cast spell 'Spider Form'
  4088 | D:10     | XOM: destruction
  4100 | D:10     | XOM: blink monster(s)
  4105 | D:10     | XOM: confuse monster(s)
  4107 | D:10     | Reached skill level 8 in Unarmed Combat
  4248 | D:11     | XOM: divination: detect items
  4270 | D:11     | XOM: summons friendly iron imp
  4277 | D:11     | Reached skill level 5 in Dodging
  4374 | D:10     | XOM: summons friendly ufetubus
  4395 | D:11     | Noticed a green ugly thing
  4395 | D:11     | XOM: confuse monster(s)
  4421 | D:12     | Noticed a deep elf mage
  4427 | D:12     | XOM: enchant monster (good)
  4430 | D:12     | XOM: cast spell 'Monstrous Menagerie'
  4431 | D:12     | Killed a deep elf mage
  4431 | D:12     | Reached skill level 9 in Unarmed Combat
  4431 | D:12     | Reached XP level 9. HP: 24/79 MP: 9/9
  4522 | D:12     | XOM: confuse monster(s)
  4540 | D:12     | XOM: confuse monster(s)
  4750 | D:13     | XOM: polymorph worker ant -> scorpion
  4784 | D:14     | Found Eliotz's Antique Weapon Shoppe.
  4786 | D:14     | XOM: enchant monster (good)
  4792 | D:14     | XOM: cast spell 'Summon Mana Viper'
  4846 | D:13     | Noticed an efreet
  4858 | D:13     | XOM: chaos upgrade
  4942 | D:14     | Noticed a centaur warrior
  4950 | D:14     | XOM: swap monsters
  4953 | D:14     | XOM: fake destruction
  4960 | D:14     | Killed a centaur warrior
  4960 | D:14     | Reached skill level 10 in Unarmed Combat
  4972 | D:13     | Noticed a wizard
  4978 | D:13     | Killed a wizard
  4978 | D:13     | Reached XP level 10. HP: 46/90 MP: 10/10
  5118 | D:13     | XOM: cast spell 'Confusing Touch'
  5258 | D:13     | XOM: noise
  5264 | D:13     | Noticed a hornet
  5264 | D:13     | a troll changed into a hornet
  5264 | D:13     | XOM: polymorph troll -> hornet
  5270 | D:13     | XOM: divine lightning (protected)
  5272 | D:13     | Killed a hornet
  5336 | D:13     | XOM: divination: detect items
  5425 | D:12     | XOM: medium Pois miscast
  5433 | D:12     | XOM: 5-stop teleportation journey
  5434 | D:12     | Noticed a hill giant
  5434 | D:12     | Noticed a hill giant
  5448 | D:12     | XOM: noise
  5450 | D:12     | Reached skill level 11 in Unarmed Combat
  5458 | D:12     | Noticed a four-headed hydra
  5458 | D:12     | Killed a hill giant
  5461 | D:12     | XOM: confuse monster(s)
  5466 | D:12     | Killed a four-headed hydra
  5468 | D:12     | Killed a hill giant
  5503 | D:12     | Reached skill level 12 in Unarmed Combat
  5783 | D:11     | Killed an unseen horror
  5783 | D:11     | Reached skill level 10 in Fighting
  5788 | D:11     | Reached XP level 11. HP: 84/99 MP: 11/11
  5810 | D:9      | XOM: mild Tloc miscast
  5824 | D:10     | XOM: harmless Ice miscast
  5879 | D:10     | XOM: give mutation
  5879 | D:10     | Gained mutation: Scrolls take you longer to read. [Xom's mischief]
  5920 | D:10     | XOM: god gift: 2 scrolls of amnesia
  6072 | D:12     | XOM: 1-stop teleportation journey
  6110 | D:12     | XOM: enchant monster (good)
  6164 | D:12     | XOM: divination: magic mapping
  6257 | D:12     | XOM: polymorph yak -> blink frog
  6259 | D:12     | XOM: summons 5 friendly demons
  6271 | D:12     | Noticed a hill giant
  6276 | D:12     | XOM: cast spell 'Disjunction'
  6283 | D:12     | XOM: summons friendly shadow imp
  6297 | D:12     | XOM: enchant monster (good)
  6303 | D:12     | Killed a hill giant
  6305 | D:12     | XOM: give mutations
  6305 | D:12     | Lost mutation: Scrolls take you longer to read. [Xom's grace]
  6305 | D:12     | Lost mutation: Scrolls take you a little longer to read. [Xom's grace]
  6305 | D:12     | Gained mutation: You have supernaturally acute eyesight. [Xom's grace]
  6305 | D:12     | Gained mutation: You possess an exceptional clarity of mind. [Xom's grace]
  6305 | D:12     | Gained mutation: Your system is resistant to poisons. [Xom's grace]
  6305 | D:12     | Gained mutation: You are resistant to hostile enchantments. [Xom's grace]
  6426 | D:12     | XOM: god gift: meat ration
  6478 | D:12     | XOM: fake destruction
  6485 | D:12     | XOM: potion effect (heal wounds)
  6618 | D:11     | XOM: potion effect (might)
  6620 | D:11     | Killed a green ugly thing
  6666 | Orc:1    | Entered Level 1 of the Orcish Mines
  6686 | Orc:1    | XOM: destruction
  6852 | Orc:2    | Entered Level 2 of the Orcish Mines
  6852 | Orc:2    | Noticed Snorg
  6906 | Orc:2    | Noticed an orc knight
  6912 | Orc:2    | XOM: swap monsters
  6928 | Orc:2    | XOM: summons friendly iron imp
  6932 | Orc:2    | Killed an orc knight
  6932 | Orc:2    | Reached skill level 13 in Unarmed Combat
  7054 | Orc:2    | XOM: confuse monster(s)
  7063 | Orc:2    | XOM: polymorph orc warrior -> killer bee
  7123 | Orc:2    | Noticed an orc high priest
  7151 | Orc:2    | Killed an orc high priest
  7188 | Orc:2    | XOM: polymorph orc warrior -> ogre
  7210 | Orc:2    | Noticed a stone giant
  7222 | Orc:2    | XOM: noise
  7223 | Orc:1    | Noticed an orc sorcerer
  7226 | Orc:1    | XOM: enchant monster (bad)
  7237 | Orc:1    | XOM: fog
  7242 | Orc:1    | XOM: butterfly on damage
  7244 | Orc:1    | Killed an orc sorcerer
  7339 | Orc:1    | Noticed a stone giant
  7358 | Orc:1    | XOM: noise
  7364 | Orc:1    | XOM: blink monster(s)
  7369 | Orc:1    | XOM: polymorph orc warrior -> mottled dragon
  7376 | Orc:1    | HP: 2/102 [stone giant/large rock (37)]
  7377 | Orc:2    | Noticed an orc sorcerer
  7377 | Orc:2    | Noticed an orc sorcerer
  7377 | Orc:2    | Incinerated by a mottled dragon

Vault maps used:
D:1:      elethiomel_arrival_diamonds, moated_statue
D:2:      kiku_gazebo_garden_becter, ecumenical_altar_2
D:3:      gammafunk_pakellas_statue_experiment
D:4:      first_bread, lightli_sewer_entry_pipes
D:5:      nicolae_overflow_crystal_walls, kennysheep_mini,
          lemuel_blue_sif_altar, serial_shops, shop, uniq_blork_the_orc
D:6:      minmay_temple_entry_trees, uniq_edmund
D:7:      lemuel_crystal_altar, enter_bailey_3, grunt_livestock
D:8:      nicolae_ossuary_entry_monument, okawaru_gym_becter, uniq_joseph,
          uniq_erolcha
D:9:      wad_pebble_path, gammafunk_temple_overflow_statue, lair_0_dummy,
          serial_shops, shop
D:10:     orc_0_dummy
D:12:     minmay_isolated_rectangles_in_corner, minmay_misc_feat_x,
          minmay_rotating_lava
D:14:     david_vaults_4, serial_shops, nicolae_shop_waterfront,
          nicolae_shop_stone, shop, kennysheep_mini_moat
Temple:   circular_temple_12
Orc:2:    st_orc_mages, david_defended_altar_orc, uniq_snorg
Ossuary:  ossuary_tomb_2
Bailey:   bailey_polearm_5, bailey

Action                   |  1- 3 |  4- 6 |  7- 9 | 10-12 || total
-------------------------+-------+-------+-------+-------++-------
Melee: Unarmed           |   163 |   217 |   314 |   391 ||  1085
Throw: Tomahawk          |       |     3 |     8 |     3 ||    14
 Abil: Breathe Lightning |       |       |    11 |    11 ||    22
Evoke: Wand              |       |       |       |     9 ||     9
  Use: Scroll            |     3 |     5 |    10 |     1 ||    19
       Potion            |     3 |     4 |     5 |     5 ||    17
 Stab: Petrified         |       |     1 |       |       ||     1
       Confused          |       |       |     2 |     1 ||     3
       Distracted        |       |       |     1 |     1 ||     2
       Invisible         |       |       |     1 |       ||     1
       Sleeping          |       |       |       |     1 ||     1
  Eat: Chunk             |     1 |     5 |     8 |     6 ||    20
       Fruit             |       |     2 |     2 |       ||     4
       Royal jelly       |       |       |     1 |       ||     1
       Pizza             |       |       |     1 |     3 ||     4
